 Dungeon Crawl Stone Soup version 0.23-a0-819-g6debee6 (webtiles) character file.

61 ohad the Changer (level 3, -8/28 HPs)
             Began as a Draconian Transmuter on Jan 22, 2019.
             Mangled by Robin
             ... wielding a +5 whip of electrocution
              (14 damage)
             ... on level 2 of the Dungeon.
             The game lasted 00:04:17 (1798 turns).

ohad the Changer (Draconian Transmuter)             Turns: 1798, Time: 00:04:18

Health: -8/28      AC:  5    Str: 12    XL:     3   Next: 83%
Magic:  2/6        EV: 12    Int: 14    God:
Gold:   67         SH:  0    Dex: 11    Spells: 0/6 levels left

rFire    . . .     SeeInvis .     - Unarmed
rCold    . . .     Gourm    .   (no shield)
rNeg     . . .     Faith    .   (armour unavailable)
rPois    .         Spirit   .   (helmet restricted)
rElec    .         Reflect  .   (no cloak)
rCorr    .         Harm     .   b - +0 pair of gloves (curse)
MR       .....                  m - -2 pair of boots (curse)
Stlth    +.........             (no amulet)
HPRegen  0.09/turn              (no ring)
MPRegen  0.10/turn              (no ring)

@: no status effects
A: unfitting armour, cold-blooded, AC +5
a: no special abilities


You were on level 2 of the Dungeon.
You were not hungry.

You visited 1 branch of the dungeon, and saw 2 of its levels.

You collected 67 gold pieces.

Inventory:

Missiles
 a - 27 arrows
 j - 15 poisoned needles
Armour
 b - a cursed +0 pair of gloves (worn)
 m - a cursed -2 pair of boots (worn)
Scrolls
 d - a scroll of teleportation
 h - 2 scrolls of identify
Potions
 g - a potion of lignification
 k - a potion of brilliance {unknown}
 l - a potion of agility {unknown}
Comestibles
 c - 3 rations


   Skills:
 - Level 1.1 Fighting
 - Level 1.7 Dodging
 - Level 3.0 Unarmed Combat
 - Level 2.0 Spellcasting
 + Level 4.2 Transmutations


You couldn't memorise any spells.
You knew the following spells:

 Your Spells              Type           Power        Failure   Level  Hunger
a - Beastly Appendage     Tmut           ##....       4%          1    ##.....
b - Sticks to Snakes      Tmut           ##......     6%          2    ###....
c - Spider Form           Tmut/Pois      #.........   30%         3    ####...

Your spell library contained the following spells:

 Spells                   Type           Power        Failure   Level  Hunger
 Ice Form                 Ice/Tmut       #.......     69%         4    #####..
 Blade Hands              Tmut           ##........   75%         5    ######.


Dungeon Overview and Level Annotations

Branches:
Dungeon (2/15)

Altars:
Qazlal
Yredelemnul

Annotations:
D:2 Robin


Innate Abilities, Weirdness & Mutations

Your plain brown scales are hard. (AC +5)
You cannot fit into any form of body armour.
You are cold-blooded and may be slowed by cold attacks.


Message History

The goblin closely misses you.
You hit Robin but do no damage.
Robin looks as sick as possible!
Robin is lightly wounded.
Robin closely misses you.
A goblin comes into view. It is wielding a +0 dagger.
The goblin hits you.
You hit Robin but do no damage.
Robin looks as sick as possible!
Robin is lightly wounded.
Your transformation has ended.
Your cursed +0 pair of gloves unmelds from your body.
Your cursed -2 pair of boots unmelds from your body.
Robin hits you with a +5 whip of electrocution.
The goblin misses you.
You hit Robin but do no damage.
Robin is heavily wounded.
Robin hits you with a +5 whip of electrocution.
* * * LOW HITPOINT WARNING * * *
You are electrocuted!
Ouch! That really hurt!
You die...

*,,#...........(...#.# #...
*,,***#....(รท....###.# #.##
**,.####.).##.#.### #.# #.#
*,.........##.#.# #.# #.#
*,###.#.....#.#.#####.#######.#
*,* #.......#.#...............#
*,**#.#.....#.........#########
*,,...##...##########.#
**###**##.ggggg@g.....#
#..##########.# #..# #.#
#.g######## #.# #.........###.#
###...##.....##.#
####.....g.......#.# *#######
#..................# *.......
##.##........g....#.# *.......


You could see Robin, 2 hobgoblins and 3 goblins.

Vanquished Creatures
  An ooze (D:1)
  A worm (D:2)
  A dart slug (D:1)
  A leopard gecko (D:1)
  5 bats
  5 giant cockroaches
  6 goblins
  6 hobgoblins
  4 jackals (D:2)
  A quokka (D:2)
  A ball python (D:1)
  5 frilled lizards
  2 gnoll zombies (D:2)
  7 kobolds
  A rat (D:2)
47 creatures vanquished.

Notes
Turn   | Place    | Note
-------+----------+-------------------------------------------
     0 | D:1      | ohad the Draconian Transmuter began the quest for the Orb.
     0 | D:1      | Reached XP level 1. HP: 16/16 MP: 3/3
   405 | D:1      | Reached XP level 2. HP: 21/23 MP: 3/5
   443 | D:1      | Reached skill level 3 in Transmutations
   911 | D:1      | Reached XP level 3. HP: 26/28 MP: 4/6
   918 | D:1      | Learned a level 2 spell: Sticks to Snakes
   922 | D:1      | Learned a level 3 spell: Spider Form
  1210 | D:2      | Found a basalt altar of Yredelemnul.
  1477 | D:2      | Found a stormy altar of Qazlal.
  1535 | D:2      | Reached skill level 4 in Transmutations
  1753 | D:2      | Noticed Robin
  1798 | D:2      | Mangled by Robin

Vault maps used:
D:1:      tarquinn_simple_flora_water_c
D:2:      kennysheep_the_goblin_king, overflow_temple_1_default,
          lemuel_zombie_altar_yredelemnul, uniq_jessica, uniq_robin

Skill      XL: |  1  2  3 |
---------------+----------+-----
Transmutations | 3 4 |  4.2
Fighting       | |  1.1
Dodging        | |  1.7
Unarmed Combat | |  3.0
Spellcasting   | |  2.0

Action                   || total
-------------------------++-------
Melee: Unarmed           ||   160
       Headbutt          ||     2
       Tailslap          ||     5
       Kick              ||     9
       Punch             ||     1
 Cast: Beastly Appendage ||    18
       Spider Form       ||     6
       Sticks to Snakes  ||     1
  Use: Scroll            ||     4
  Eat: Chunk             ||     4
Armor: Skin              ||    40
Dodge: Dodged            ||    89

Table legend:
 A = Non-vault XP
 B = Vault XP
 C = Vault XP percentage of total XP
 D = Non-vault monster count
 E = Vault monster count
 F = Vault count percentage of total count
                 A         B        C        D         E       F
            +---------+---------+-------+---------+---------+-------
      Total |      76 |      12 |  13.6 |      40 |       7 |  14.9
            +---------+---------+-------+---------+---------+-------
        D:1 |      45 |       0 |   0.0 |      22 |       0 |   0.0
        D:2 |      31 |      12 |  27.9 |      18 |       7 |  28.0
            +---------+---------+-------+---------+---------+-------
